 Dungeon Crawl Stone Soup version 0.31-a0-187-gba352fbbf7 (webtiles) character file.

Game seed: 11413962921622671088

95 qw the Shooter (level 4, -1/25 HPs)
             Began as a Deep Elf Hunter on June 22, 2023.
             Killed from afar by Natasha (6 damage)
             ... with a magic dart
             ... on level 3 of the Dungeon.
             The game lasted 00:00:34 (1065 turns).

qw the Shooter (Deep Elf Hunter)                    Turns: 1065, Time: 00:00:35

Health: -1/25      AC:  5    Str: 10    XL:     4   Next: 39%
Magic:  6/6        EV: 13    Int: 14    God:
Gold:   97         SH:  0    Dex: 18    Spells: 3/3 levels left

rFire   . . .        Y - +0 shortbow
rCold   + . .        (shield currently unavailable)
rNeg    . . .        j - +1 robe of the Forging Gods {rC+}
rPois   .            (no helmet)
rElec   .            d - +2 cloak {Will+}
rCorr   .            (no gloves)
SInv    .            (no boots)
Will    ++...        e - amulet of the acrobat
Stlth   ++           h - ring of willpower
HPRegen 0.24/turn    (no ring)
MPRegen 0.10/turn

%: acrobat
@: unable to drink
A: deformed body, screaming 1, inability to drink after injury 1
a: no special abilities


You were on level 3 of the Dungeon.
You visited 1 branch of the dungeon, and saw 3 of its levels.

You collected 97 gold pieces.


Innate Abilities, Weirdness & Mutations

Armour fits poorly on your strangely shaped body.
You occasionally shout uncontrollably at your foes.
You occasionally lose the ability to drink potions when taking damage.


   Skills:
 - Level 1.5 Fighting
 + Level 7.8 Ranged Weapons
 - Level 2.4 Dodging
 - Level 1.2 Stealth


You had 3 spell levels left.
You didn't know any spells.
Your spell library was empty.

Inventory:

Hand Weapons
 Y - a +0 shortbow (weapon)
Armour
 c - a +0 leather armour
 d - a +2 cloak of willpower (worn)
 j - the +1 robe of the Forging Gods (worn) {rC+}
   (You found it on level 2 of the Dungeon)

   rC:        It protects you from cold.
Jewellery
 e - an amulet of the acrobat (around neck)
 h - a ring of willpower (left hand)
Potions
 a - a potion of ambrosia {unknown}
 g - a potion of degeneration {unknown}
 i - a potion of berserk rage {unknown}
 l - a potion of heal wounds {unknown}

Dungeon Overview and Level Annotations

Branches:
Dungeon (3/15)

Altars:

Shops:
D:1 ?   D:2 [

Annotations:
D:3 Natasha


Message History

You kill the quokka!
The cerulean imp hits you from afar with a +2 spear.
Natasha howls an incantation.
Natasha glows brightly for a moment.
Natasha mumbles some strange words.
You shoot an arrow. The arrow barely misses Natasha.
The cerulean imp hits you from afar with a +2 spear.
Natasha stares at you and mumbles some strange words.
The magic dart hits you!
You feel threatened and lose the ability to drink potions!
You shoot an arrow. The arrow hits Natasha.
You kill Natasha!
Natasha screams in fury as she dies!
The cerulean imp disappears in a puff of smoke! x2
You shoot an arrow.
The arrow hits the ball python but does no damage.
You shoot an arrow. The arrow hits the ball python.
You kill the ball python!
You start resting.
You can drink potions again.
Natasha, Servant of Life and Death comes into view.
You shoot an arrow. The arrow completely misses Natasha.
Natasha hisses angrily.
Natasha casts a spell at you. The magic dart hits you!
You shoot an arrow. The arrow hits Natasha.
Natasha is lightly wounded.
You shoot an arrow. The arrow hits Natasha.
Natasha is heavily wounded.
You shoot an arrow. The arrow hits Natasha.
Natasha is severely wounded.
You shoot an arrow. The arrow closely misses Natasha.
You shoot an arrow. The arrow barely misses Natasha.
Natasha casts a spell at you. The magic dart hits you.
You feel threatened and lose the ability to drink potions!
You shoot an arrow. The arrow closely misses Natasha.
Natasha stares at you and mumbles some strange words.
The magic dart hits you.
You die...

...).......... .#
#.>.?....# .#
#.......#### . .#
#........... # .. .#
#..%....###... ... .##
#............# ....
<.###%......###### .....
...........#######......
#####.%........h@%......
...#.......##########
########......# ###..#.#
##...# #####


You could see Natasha.

Vanquished Creatures
  Natasha (D:3)
  2 adders
  2 worms
  6 bats
  4 endoplasms
  6 hobgoblins
  4 kobolds
  4 quokkas
  4 ball pythons
  A frilled lizard (D:1)
  3 goblins
  6 rats
43 creatures vanquished.

Notes
Turn   | Place    | Note
-------+----------+-------------------------------------------
     0 | D:1      | qw the Deep Elf Hunter began the quest for the Orb.
     0 | D:1      | Reached XP level 1. HP: 12/12 MP: 3/3
     0 | D:1      | 0 ||| qw: Version: 0.3-a-9-g12657ce
     0 | D:1      | 0 ||| qw: Game counter: 2624
     0 | D:1      | 0 ||| qw: Always use a shield: true
     0 | D:1      | 0 ||| qw: God list: Okawaru
     0 | D:1      | 0 ||| qw: Allow faded altars: false
     0 | D:1      | 0 ||| qw: Do Orc after D:15 true
     0 | D:1      | 0 ||| qw: Do second Lair branch before Depths: true
     0 | D:1      | 0 ||| qw: Lair rune preference: random
     0 | D:1      | 0 ||| qw: Plans: Normal
     0 | D:1      | 0 ||| PLANNING D:1-11
    23 | D:1      | Found a faded altar of an unknown god.
   125 | D:1      | Found Xunif Ryu's Magic Scroll Emporium.
   141 | D:1      | 141 ||| SHOPLISTING scroll of identify (20 gold, have 12).
   168 | D:1      | Reached XP level 2. HP: 16/16 MP: 4/4
   171 | D:1      | Reached skill level 6 in Ranged Weapons
   364 | D:1      | 364 ||| UPGRADING to +2 cloak of willpower.
   369 | D:1      | 369 ||| UPGRADING to amulet of the acrobat.
   374 | D:1      | 374 ||| UPGRADING to ring of willpower.
   375 | D:1      | 375 ||| DRINKING 2 murky red potions.
   375 | D:1      | Gained mutation: You are strong-willed. (Will+) [potion of
                  | mutation]
   375 | D:1      | Gained mutation: You do not regenerate when monsters are
                  | visible. [potion of mutation]
   375 | D:1      | Gained mutation: You occasionally shout uncontrollably at
                  | your foes. [potion of mutation]
   375 | D:1      | Gained mutation: Your spells are a little harder to cast,
                  | but a little more powerful. [potion of mutation]
   376 | D:1      | 376 ||| DRINKING potion of mutation.
   376 | D:1      | Lost mutation: Your spells are a little harder to cast, but
                  | a little more powerful. [potion of mutation]
   376 | D:1      | Lost mutation: You are strong-willed. (Will+) [potion of
                  | mutation]
   376 | D:1      | Lost mutation: You do not regenerate when monsters are
                  | visible. [potion of mutation]
   376 | D:1      | Gained mutation: You occasionally lose the ability to drink
                  | potions when taking damage. [potion of mutation]
   376 | D:1      | Gained mutation: Armour fits poorly on your strangely
                  | shaped body. [potion of mutation]
   377 | D:1      | 377 ||| DROPPING scroll of butterflies.
   410 | D:2      | Reached XP level 3. HP: 15/20 MP: 5/5
   411 | D:2      | 411 ||| STAIRDANCE
   455 | D:2      | 455 ||| STAIRDANCE
   568 | D:2      | Found Hilah's Antique Armour Emporium.
   579 | D:2      | 579 ||| SHOPLISTING dyed leather armour (120 gold, have
                  | 52).
   579 | D:2      | 579 ||| SHOPLISTING helmet (108 gold, have 52).
   579 | D:2      | 579 ||| SHOPLISTING ring mail (96 gold, have 52).
   579 | D:2      | 579 ||| SHOPLISTING scale mail (96 gold, have 52).
   579 | D:2      | 579 ||| SHOPLISTING shimmering robe (136 gold, have 52).
   581 | D:2      | Identified the +1 robe of the Forging Gods {rC+}
   686 | D:2      | Reached skill level 7 in Ranged Weapons
   932 | D:2      | 932 ||| UPGRADING to +1 robe of the Forging Gods {rC+}.
   942 | D:2      | 942 ||| READING scroll labelled VUINEU DATOSK.
   947 | D:2      | 947 ||| READING scroll labelled GUEHEF ZOULO.
   948 | D:2      | 948 ||| READING scroll labelled LIYLOUP WEWEEBIZ.
   988 | D:3      | Reached XP level 4. HP: 25/25 MP: 6/6
   998 | D:3      | Noticed Natasha
  1005 | D:3      | HP: 4/25 [Natasha/magic dart (9)]
  1006 | D:3      | Killed Natasha
  1058 | D:3      | Noticed Natasha
  1064 | D:3      | HP: 5/25 [Natasha/magic dart (4)]
  1065 | D:3      | Killed from afar by Natasha

Levels and vault maps discovered:
D:1:      dpeg_arrival_windows_large_door, layout_rooms, serial_shops,
          nicolae_shop_pleasant_corner_grove, ebering_ecumenical_altar_box
D:2:      layout_rooms, serial_shops, shop, kennysheep_donut
D:3:      cheibrodos_old_hovel, layout_rooms, gammafunk_temple_of_torment,
          uniq_crazy_yiuf_cottage, uniq_natasha

Skill      XL: |  1  2  3 |
---------------+----------+-----
Ranged Weapons | 6 7 |  7.8
Fighting       | |  1.5
Dodging        | |  2.4
Stealth        | |  1.2

Action                     |  1- 3 |  4- 6 || total
---------------------------+-------+-------++-------
   Fire: Shortbow          |   103 |    17 ||   120
    Use: Potion            |     2 |       ||     2
         Scroll            |     3 |       ||     3
 Armour: Leather armour    |     5 |       ||     5
         Robe              |     3 |       ||     3
  Dodge: Dodged            |    17 |     1 ||    18

Table legend:
 A = Non-vault XP
 B = Vault XP
 C = Vault XP percentage of total XP
 D = Non-vault monster count
 E = Vault monster count
 F = Vault count percentage of total count
                 A         B        C        D         E       F
            +---------+---------+-------+---------+---------+-------
      Total |     101 |      35 |  25.7 |      42 |       1 |   2.3
            +---------+---------+-------+---------+---------+-------
        D:1 |      31 |       0 |   0.0 |      18 |       0 |   0.0
        D:2 |      39 |       0 |   0.0 |      14 |       0 |   0.0
        D:3 |      31 |      35 |  53.0 |      10 |       1 |   9.1
            +---------+---------+-------+---------+---------+-------
